 Dungeon Crawl Stone Soup version 0.31-a0-876-gfe8ebadbca (webtiles) character file.

Game seed: 230469090717623890

127808 Newt the Markskobold (level 17, -46/97 HPs)
             Began as a Kobold Hunter on Oct 12, 2023.
             Was the Champion of Hepliaklqana.
             Killed from afar by Nikola (91 damage)
             ... with an arc of chain lightning
             ... on level 4 of the Swamp on Oct 13, 2023.
             The game lasted 00:40:57 (28113 turns).

Newt the Markskobold (Kobold Hunter)               Turns: 28113, Time: 00:40:57

Health: -46/97     AC:  9    Str:  8    XL:     17   Next: 57%
Magic:  29/29      EV: 28    Int:  8    God:    Hepliaklqana [******]
Gold:   1493       SH:  5    Dex: 27    Spells: 22/33 levels left

rFire   + . .        Z - +3 shortbow (drain)
rCold   + + .        (shield currently unavailable)
rNeg    + . .        T - +1 leather armour of Viril {Harm rF+ Int-5 Dex+3}
rPois   +            (no helmet)
rElec   .            G - +1 cloak
rCorr   .            (no gloves)
SInv    +            c - +1 pair of boots of Perpetual Drought {rC++ rN+ Regen+}
Will    +....        f - amulet of reflection
Stlth   ++           m - ring of poison resistance
HPRegen 1.16/turn    U - ring "Lialog" {Slay+3 SInv}
MPRegen 0.21/turn

%: harm (+30% outgoing, +20% incoming), reflection
@: very slow
A: reduced essence, small, no large weapons, nightstalker 3
a: Renounce Religion, Recall Ancestor, Ancestor Identity, Transference, Idealise


You were on level 4 of the Swamp.
You worshipped Hepliaklqana.
Hepliaklqana was exalted by your worship.
You visited 5 branches of the dungeon, and saw 27 of its levels.
You also visited: Gauntlet.

You collected 3240 gold pieces.
You spent 1747 gold pieces at shops.

Inventory:

Hand Weapons
 M - a +3 shortbow of freezing
 Y - the +7 Spriggan's Knife {stab, EV+4 Stlth+}
   (You took it off a minotaur in a Gauntlet)

   Stab:      It is more effective when stabbing unaware enemies, sometimes
   treating them as though they were completely helpless.
   EV+4:      It affects your evasion (+4).
   Stlth+:    It makes you more stealthy.
 Z - a +3 shortbow of draining (weapon)
Missiles
 t - 3 throwing nets
Armour
 c - the +1 pair of boots of Perpetual Drought (worn) {rC++ rN+ Regen+}
   (You found it in a Gauntlet)

   rC++:      It greatly protects you from cold.
   rN+:       It protects you from negative energy.
   Regen+:    It increases your rate of health regeneration.
 y - a +0 leather armour of fire resistance
 G - a +1 cloak (worn)
 T - the +1 leather armour of Viril (worn) {Harm rF+ Int-5 Dex+3}
   (You found it in a Gauntlet)

   Int-5:     It affects your intelligence (-5).
   Dex+3:     It affects your dexterity (+3).
   rF+:       It protects you from fire.
   Harm:      It increases damage dealt and taken.
Jewellery
 f - an amulet of reflection (around neck)
 g - a +5 ring of evasion
 m - a ring of poison resistance (left hand)
 n - a ring of protection from fire
 o - a ring of ice
 z - a ring of magical power
 S - a ring of positive energy
 U - the ring "Lialog" (right hand) {Slay+3 SInv}
   (You found it in a Gauntlet)

   [ring of see invisible]

   Slay+3:    It affects your accuracy & damage with ranged weapons and melee
   (+3).
   SInv:      It lets you see invisible.
 X - a +6 ring of dexterity
Wands
 j - a wand of iceblast (10)
 s - a wand of flame (36)
 v - a wand of digging (14)
 B - a wand of paralysis (24)
 H - a wand of light (3)
 L - a wand of mindburst (31)
 Q - a wand of polymorph (4)
Scrolls
 b - a scroll of butterflies
 e - 5 scrolls of teleportation
 q - 2 scrolls of enchant armour
 r - 5 scrolls of fear
 w - 2 scrolls of immolation
 x - 3 scrolls of revelation
 A - 3 scrolls of poison
 D - a scroll of blinking
 F - 3 scrolls of amnesia
 I - a scroll of summoning
 O - a scroll of silence
 P - 2 scrolls of identify
Potions
 a - 2 potions of curing
 d - a potion of ambrosia
 h - 4 potions of haste
 i - a potion of magic
 k - 3 potions of heal wounds
 l - 3 potions of invisibility
 p - 3 potions of might
 u - 2 potions of enlightenment
 C - 4 potions of lignification
 E - a potion of degeneration
 J - 2 potions of cancellation
 N - a potion of mutation
 R - a potion of resistance
Miscellaneous
 K - a sack of spiders
 V - a condenser vane
 W - a phial of floods (inert)


   Skills:
 - Level 13.0 Fighting
 + Level 19.7 Ranged Weapons
 - Level 5.0 Armour
 - Level 14.0 Dodging
 - Level 1.3 Stealth
 - Level 8.5 Spellcasting
 - Level 8.3 Hexes
 - Level 8.3 Translocations
 - Level 9.0 Invocations
 - Level 14.0 Evocations


You had 22 spell levels left.
You knew the following spells:

 Your Spells              Type           Power      Damage    Failure   Level
a - Dimensional Bullseye  Hex/Tloc       8%         N/A       9%          4
b - Sigil of Binding      Hex            16%        N/A       2%          3
c - Cause Fear            Hex            8%         N/A       8%          4

Your spell library contained the following spells:

 Spells                   Type           Power      Damage    Failure   Level
 Apportation              Tloc           32%        N/A       1%          1
 Slow                     Hex            64%        N/A       1%          1
 Blink                    Tloc           32%        N/A       1%          2
 Lesser Beckoning         Tloc           32%        N/A       1%          2
 Confusing Touch          Hex            16%        N/A       2%          3
 Momentum Strike          Conj/Tloc      20%        3d8       7%          2
 Inner Flame              Hex/Fire       10%        N/A       14%         3
 Summon Guardian Golem    Hex/Summ       10%        N/A       14%         3
 Volatile Blastmotes      Fire/Tloc      20%        2d11      14%         3
 Foxfire                  Conj/Fire      12%        2x1d4     26%         1
 Kiss of Death            Conj/Necr      12%        2d6       26%         1
 Magic Dart               Conj           12%        1d3       26%         1
 Necrotise                Necr           12%        1d4       26%         1
 Sandblast                Erth           6%         2d5       26%         1
 Summon Small Mammal      Summ           12%        N/A       26%         1
 Call Imp                 Summ           6%         N/A       36%         2
 Cigotuvi's Dreadful Rot  Necr/Pois/Air  6%         N/A       36%         2
 Passwall                 Tmut/Erth      2%         N/A       36%         2
 Poisonous Vapours        Pois/Air       6%         N/A       36%         2
 Anguish                  Hex/Necr       5%         N/A       41%         4
 Fulminant Prism          Conj/Hex       5%         3d7       41%         4
 Iskenderun's Mystic Bla  Conj/Tloc      10%        2d4       41%         4
 Leda's Liquefaction      Hex/Erth       5%         N/A       41%         4
 Call Canine Familiar     Summ           3%         N/A       58%         3
 Ignite Poison            Fire/Tmut/Pois 3%         N/A       58%         3
 Mephitic Cloud           Conj/Pois/Air  3%         N/A       58%         3
 Stone Arrow              Conj/Erth      6%         3d7       58%         3
 Vampiric Draining        Necr           3%         2d6       58%         3
 Animate Armour           Summ/Erth      6%         N/A       94%         4
 Brom's Barrelling Bould  Conj/Erth      3%         2d3       94%         4
 Dispel Undead            Necr           3%         3d7       94%         4
 Summon Lightning Spire   Summ/Air       3%         N/A       94%         4
 Agony                    Necr           3%         N/A       100%        5
 Freezing Cloud           Conj/Ice/Air   1%         6-21      100%        5
 Lee's Rapid Deconstruct  Erth           1%         3d4*      100%        5
 Death Channel            Necr           1%         N/A       100%        6
 Plasma Beam              Fire/Air       1%         2x1d11    100%        6
 Starburst                Conj/Fire      1%         6d3       100%        6
 Enfeeble                 Hex            8%         N/A       100%        7
 Haunt                    Necr/Summ      1%         N/A       100%        7
 Borgnjor's Revivificati  Necr           1%         N/A       100%        8
 Death's Door             Necr           1%         N/A       100%        9
 Fire Storm               Conj/Fire      1%         8d1       100%        9


Dungeon Overview and Level Annotations

Branches:
Dungeon (15/15)            Temple (1/1) D:7            Lair (5/5) D:11
  Swamp (4/4) Lair:2       Spider (0/4) Lair:3        Slime (0/5) Lair:4
    Orc (2/2) D:11            Elf (0/3) Orc:2        Vaults (0/5) D:13
 Depths (0/4) D:15        Gauntlet (visited)

Altars:
Ashenzari
Cheibriados
Dithmenos
Elyvilon
Fedhas
Gozag
Hepliaklqana
Kikubaaqudgha
Makhleb
Nemelex Xobeh
Okawaru
Qazlal
Ru
Sif Muna
Trog
Uskayaw
Vehumet
Wu Jian
Xom
Yredelemnul
Zin
The Shining One
Jiyva

Shops:
D:2 :   D:6 (   D:7 *   D:9 [   D:11 ?   D:14 [   Orc:2 *[(=(

Annotations:
D:7 3 runed translucent doors, monkeyman's ghost, novice MiBe
Temple 2 transporters
Swamp:4 Nikola


Innate Abilities, Weirdness & Mutations

Your life essence is reduced to manifest your ancestor. (-10% HP)
You are small and have problems with some larger weapons.
You are completely attuned to the shadows.


Message History

Unknown command.
Unknown command.
Aiming: Mindburst
Press: ? - help, Shift-Dir - straight line, f/p - Nikola
Aim: Nikola, wielding a +2 rapier of electrocution, wearing a +0 cloak of poison resistance and wearing a +0 pair of gloves (heavily wounded, lightly drained, waterlogged, chance to affect: 28%) Nikola easily resists.
Unknown command.
Unknown command.
You are too injured to fight recklessly!
Fire: Z) +3 shortbow (drain)
Press: ? - help, Shift-Dir - straight line, f/p - Nikola
Aim: Nikola, wielding a +2 rapier of electrocution, wearing a +0 cloak of poison resistance and wearing a +0 pair of gloves (heavily wounded, lightly drained, waterlogged, 80% to hit)
You shoot an arrow. The arrow hits Nikola!
Nikola is heavily wounded.
You shoot an arrow. The arrow closely misses Nikola.
You shoot an arrow. The arrow hits Nikola!
Nikola is severely wounded.
Nikola misses you.
You shoot an arrow. The arrow closely misses Nikola.
Nikola completely misses you.
You shoot an arrow. The arrow hits Nikola!
You drain Nikola.
Nikola is severely wounded.
You shoot an arrow. The arrow hits Nikola!
You drain Nikola.
Nikola is almost dead.
You block Nikola's attack.
You shoot an arrow. The arrow barely misses Nikola.
Nikola completely misses you.
You shoot an arrow. The arrow barely misses Nikola.
Nikola hits you with a +2 rapier of electrocution.
You shoot an arrow. The arrow barely misses Nikola.
You shoot an arrow. The arrow closely misses Nikola.
Nikola is no longer waterlogged.
Nikola raves, "Can you feel it? Can you feel it?
CAN YOU FEEL IT?"
Nikola splashes around in the water.
You shoot an arrow. The arrow hits Nikola.
Nikola is almost dead.
Nikola gestures wildly while chanting.
Lightning arcs from Nikola's hands!
The bolt of lightning hits you!!!!
Ouch! That really hurt!
You die...

♣~...†~~~....♣♣♣♣♣♣♣
♣♣.~♣.~~~~.♣~♣♣
♣~~.~.~~~~.~<.~
.~~<.~~~~~~~...~
♣♣.~~...~~.~.~..
♣♣~♣.~~~~~~..
♣~...~~~~~~[~
♣.~~.~~~@~~.~
♣.~..~~@~~~~.
♣.~..~.~§~~.♣
♣§~~~~.♣~~~~♣
♣.~~~~♣♣♣...♣
♣.~~~~♣ ♣~~♣ ♣♣♣♣♣♣
♣♣..†.♣ ♣~♣♣♣~...♣
♣♣♣♣~♣♣ ♣♣♣♣~~~~~♣
♣♣♣♣♣~~♣♣♣♣~(..~~~~♣
♣..~♣......♣.<)~~~♣♣


You could see Nikola (drained).

Vanquished Creatures
  Mara (Swamp:4)
  Rupert (D:14)
  Jorgrun (D:13)
  Kirke (Swamp:3)
  An orc warlord (Orc:2)
  6 eleionomae
  A bunyip (Swamp:2)
  A minotaur (Gauntlet)
  An ettin (Orc:2)
  Josephine (D:12)
  2 fire dragons (D:15)
  A ghost crab (Swamp:3)
  7 hydras
  4 centaur warriors
  A tengu warrior (D:14)
  7 alligators
  5 two-headed ogres
  A boulder beetle (D:13)
  9 death yaks (Lair:5)
  An orc high priest (Orc:2)
  2 spriggans (Swamp:1)
  6 goliath frogs
  A spriggan druid (Swamp:1)
  2 swamp dragons (Swamp:3)
  3 bog bodies
  Pikel (D:6)
  4 deep elf pyromancers
  A manticore (D:15)
  5 will-o-the-wisps
  2 wolf spiders
  4 orc knights
  12 ugly things
  2 orc sorcerers (Orc:2)
  4 cyclopes
  18 elephants
  A guardian serpent (Lair:5)
  A molten gargoyle (D:14)
  7 black mambas
  11 cane toads
  2 gargoyles
  A rime drake (Lair:5)
  An efreet (Gauntlet)
  An unseen horror (D:10)
  2 freezing wraiths (D:15)
  A yaktaur (D:15)
  Jeremiah (D:7)
  2 komodo dragons
  2 tengu conjurers (D:14)
  4 hornets
  A troll (shapeshifter) (D:15)
  8 tyrant leeches
  2 polar bears
  6 trolls
  7 blink frogs
  A blink frog (shapeshifter) (D:15)
  5 slime creatures
  A jumping spider (shapeshifter) (D:15)
  2 shadows (D:11)
  13 wyverns
  A centaur simulacrum (D:14)
  8 wraiths
  Eustachio (D:4)
  25 yaks
  5 basilisks
  A hog (Swamp:3)
  A fire elemental (D:14)
  A redback (D:15)
  10 swamp worms
  2 steam dragons
  A warg (Orc:2)
  8 vampire mosquitoes
  5 acid dragons
  18 water moccasins
  19 orc warriors
  Pargi (D:3)
  7 swamp drakes
  2 ice beasts
  A sky beast (D:6)
  2 ogres
  18 centaurs
  7 wolves
  3 lemures (D:6)
  A phantom (D:11)
  Blork the orc (Orc:2)
  12 bullfrogs
  A kobold brigand (D:5)
  2 gnoll sergeants
  5 scorpions
  8 wights
  8 howler monkeys
  7 crimson imps
  4 hounds
  11 orc priests
  6 jellies
  Crazy Yiuf (D:3)
  Jessica (D:3)
  8 iguanas
  22 orc wizards
  A sleepcap (D:6)
  Ijyb (D:3)
  10 hell rats (Lair:4)
  5 ogre zombies (D:11)
  17 gnolls
  15 adders
  2 river rats (D:6)
  A shadow imp (D:7)
  3 white imps (D:7)
  4 worms
  51 orcs
  3 endoplasms
  2 giant cockroaches
  9 hobgoblins
  5 jackals
  8 kobolds
  5 quokkas
  7 ball pythons
  4 bats
  3 frilled lizards
  9 goblins
  2 goblin skeletons (D:11)
  A goblin zombie (D:11)
  A hobgoblin skeleton (D:11)
  2 hobgoblin zombies (D:11)
  3 orc skeletons (D:11)
  10 orc zombies (D:11)
  10 rats
  A butterfly (Lair:3)
643 creatures vanquished.

Vanquished Creatures (collateral kills)
  A tentacled monstrosity (Swamp:3)
  Roxanne (Swamp:3)
  2 eleionomae
  A fire dragon (Lair:5)
  An ice dragon (D:15)
  3 hydras
  A ghost crab (Swamp:4)
  A boulder beetle (D:15)
  A centaur warrior (D:15)
  2 two-headed ogres
  A catoblepas (D:15)
  A goliath frog (Swamp:1)
  A spriggan druid (Swamp:4)
  3 swamp dragons
  A wizard (D:13)
  An oklob plant (Lair:5)
  2 ugly things (D:14)
  A wolf spider (Lair:5)
  2 cyclopes
  7 elephants (Lair:5)
  A torpor snail (Lair:5)
  4 black mambas
  A cane toad (Lair:5)
  2 komodo dragons
  An unseen horror (D:10)
  A rime drake (Lair:5)
  A freezing wraith (D:14)
  A polar bear (Lair:5)
  2 tyrant leeches
  A troll (Orc:1)
  A blink frog (Lair:1)
  4 slime creatures
  A spriggan (Swamp:1)
  2 wyverns (Lair:5)
  2 basilisks
  3 yaks
  2 wraiths
  A redback (Lair:5)
  A warg (Orc:2)
  3 vampire mosquitoes
  A water moccasin (Lair:1)
  4 swamp worms
  4 orc warriors
  A swamp drake (Swamp:4)
  2 wolves (Lair:5)
  A lemure (D:6)
  2 bullfrogs
  A wight (D:10)
  An orc priest (Orc:2)
  An iguana (Lair:5)
  3 orc wizards
  2 hell rats (Lair:4)
  An ogre zombie (D:11)
  9 orcs
  A kobold (D:5)
  2 butterflies (Lair:3)
105 creatures vanquished.

Vanquished Creatures (others)
  A hydra (Swamp:4)
  2 bloated husks
  4 ancestors
  11 knights
  13 foxfires
31 creatures vanquished.

Grand Total: 779 creatures vanquished

Notes
Turn   | Place    | Note
-------+----------+-------------------------------------------
     0 | D:1      | Newt the Kobold Hunter began the quest for the Orb.
     0 | D:1      | Reached XP level 1. HP: 12/12 MP: 1/1
   164 | D:1      | Reached XP level 2. HP: 4/18 MP: 2/2
   755 | D:2      | Found a faded altar of an unknown god.
   837 | D:2      | Reached XP level 3. HP: 24/24 MP: 3/3
  1011 | D:2      | Reached XP level 4. HP: 30/30 MP: 4/4
  1214 | D:2      | Found a burning altar of Makhleb.
  1500 | D:2      | Found Epnuejig's Book Emporium.
  1746 | D:3      | Noticed Ijyb
  1755 | D:3      | Killed Ijyb
  1756 | D:3      | Reached skill level 5 in Fighting
  1756 | D:3      | Reached XP level 5. HP: 27/35 MP: 5/5
  1840 | D:3      | Reached skill level 6 in Ranged Weapons
  1893 | D:3      | Reached skill level 7 in Ranged Weapons
  1893 | D:3      | Reached XP level 6. HP: 32/40 MP: 6/6
  2411 | D:3      | Noticed Pargi
  2418 | D:3      | Killed Pargi
  2419 | D:3      | Reached skill level 8 in Ranged Weapons
  2449 | D:3      | Found a runed translucent door.
  2452 | D:3      | Noticed Crazy Yiuf
  2478 | D:3      | Noticed Jessica
  2479 | D:3      | Killed Jessica
  2751 | D:3      | Reached XP level 7. HP: 44/44 MP: 7/7
  2981 | D:3      | Killed Crazy Yiuf
  3138 | D:4      | Noticed Eustachio
  3147 | D:4      | Reached skill level 9 in Ranged Weapons
  3472 | D:4      | Killed Eustachio
  3473 | D:4      | Reached skill level 10 in Ranged Weapons
  3715 | D:4      | Found a radiant altar of Vehumet.
  3715 | D:4      | Found a burning altar of Makhleb.
  3943 | D:4      | Noticed a wyvern
  3958 | D:4      | Killed a wyvern
  3959 | D:4      | Reached skill level 5 in Dodging
  3959 | D:4      | Reached XP level 8. HP: 33/49 MP: 8/8
  4948 | D:5      | Entered Level 5 of the Dungeon
  5296 | D:5      | Reached XP level 9. HP: 60/60 MP: 9/9
  5296 | D:5      | Found a glowing golden altar of the Shining One.
  5405 | D:5      | Found a sparkling altar of Nemelex Xobeh.
  5962 | D:6      | Reached skill level 11 in Ranged Weapons
  6149 | D:6      | Noticed Pikel
  6158 | D:6      | Killed Pikel
  6159 | D:6      | Reached skill level 12 in Ranged Weapons
  6246 | D:6      | Reached skill level 13 in Ranged Weapons
  6484 | D:6      | Found Merraatt's Weapon Shop.
  6562 | D:6      | Reached XP level 10. HP: 66/66 MP: 10/10
  6734 | D:7      | Reached skill level 14 in Ranged Weapons
  6775 | D:7      | Found a staircase to the Ecumenical Temple.
  6821 | Temple   | Found a transporter.
  6821 | Temple   | Found a transporter.
  6821 | Temple   | Found a transporter.
  6821 | Temple   | Found a transporter.
  6821 | Temple   | Entered the Ecumenical Temple
  6841 | Temple   | Became a worshipper of Hepliaklqana the Forgotten
  6903 | D:7      | Noticed Jeremiah
  6918 | D:7      | Killed Jeremiah
  7418 | D:7      | Found Woynuvari's Assorted Antiques.
  7421 | D:7      | Bought a bubbling clear potion for 30 gold pieces
  7421 | D:7      | Bought a spear for 102 gold pieces
  7421 | D:7      | Bought a scroll of enchant weapon for 255 gold pieces
  7461 | D:7      | Found a shimmering blue altar of Sif Muna.
  7528 | D:7      | Found a runed translucent gate.
  7529 | D:7      | Found a runed translucent gate.
  7530 | D:7      | Found a runed translucent gate.
  7532 | D:7      | Identified the +5 chain mail "Ruap" {Regen+}
  7533 | D:7      | Noticed monkeyman's ghost (novice MiBe)
  7598 | D:7      | Upgraded the game from 0.31-a0-875-g02e7d12df6 to
                  | 0.31-a0-876-gfe8ebadbca
  7945 | D:8      | Reached * piety under Hepliaklqana
  8687 | D:9      | Reached skill level 15 in Ranged Weapons
  8781 | D:9      | Found Toest's Armour Boutique.
  8887 | D:9      | Reached XP level 11. HP: 36/63 MP: 11/11
  8913 | D:9      | Found an ancient bone altar of Kikubaaqudgha.
  8916 | D:9      | Found a bloodstained altar of Trog.
  8923 | D:9      | Found a stormy altar of Qazlal.
  8927 | D:9      | Found a snail-covered altar of Cheibriados.
  8930 | D:9      | Found a white marble altar of Elyvilon.
  9021 | D:9      | Reached skill level 16 in Ranged Weapons
  9310 | D:9      | Found a shadowy altar of Dithmenos.
  9660 | D:9      | Noticed a two-headed ogre
  9672 | D:9      | Killed a two-headed ogre
  9673 | D:9      | Reached skill level 17 in Ranged Weapons
  9769 | D:10     | Entered Level 10 of the Dungeon
  9889 | D:10     | Noticed a two-headed ogre
  9901 | D:10     | Killed a two-headed ogre
  9988 | D:10     | Noticed a deep elf pyromancer
 10021 | D:10     | Killed a deep elf pyromancer
 10022 | D:10     | Reached skill level 18 in Ranged Weapons
 10123 | D:10     | Noticed a cyclops
 10130 | D:10     | Killed a cyclops
 10345 | D:10     | Reached ** piety under Hepliaklqana
 10426 | D:10     | Remembered your ancestor Sinnashi as a knight
 10435 | D:10     | Reached skill level 19 in Ranged Weapons
 10452 | D:10     | Reached XP level 12. HP: 68/68 MP: 12/12
 10622 | D:11     | Found Huafesh's Magic Scroll Boutique.
 10690 | D:11     | Noticed a two-headed ogre
 10694 | D:11     | Reached skill level 10 in Fighting
 10701 | D:11     | Killed a two-headed ogre
 10849 | D:11     | Found a staircase to the Orcish Mines.
 10919 | D:11     | Bought a scroll of revelation for 120 gold pieces
 10919 | D:11     | Bought a scroll of identify for 32 gold pieces
 10919 | D:11     | Bought a scroll of identify for 32 gold pieces
 11115 | D:11     | Noticed a two-headed ogre
 11120 | D:11     | Killed a two-headed ogre
 11304 | D:11     | Found a staircase to the Lair.
 11448 | D:11     | Noticed a two-headed ogre
 11451 | D:11     | Killed a two-headed ogre
 11908 | D:12     | Noticed a centaur warrior
 11927 | D:12     | Killed a centaur warrior
 12140 | D:12     | Noticed Josephine
 12150 | D:12     | Killed Josephine
 12174 | D:12     | Reached skill level 5 in Evocations
 12218 | D:12     | Reached XP level 13. HP: 55/79 MP: 13/13
 12719 | D:13     | Noticed a centaur warrior
 12729 | D:13     | Killed a centaur warrior
 12730 | D:13     | Reached skill level 1 in Armour
 12807 | D:13     | Found a gate to the Vaults.
 12887 | D:13     | Found a gate leading to a gauntlet.
 12894 | Gauntlet | Entered a Gauntlet
 12894 | Gauntlet | Found a transporter.
 12909 | Gauntlet | Found a transporter.
 12922 | Gauntlet | Found a transporter.
 12939 | Gauntlet | Found a transporter.
 12939 | Gauntlet | Found the +3 pair of seven-league boots {Rampage+∞}
 12948 | Gauntlet | Found a transporter.
 12955 | Gauntlet | Reached *** piety under Hepliaklqana
 12966 | Gauntlet | Found a transporter.
 12971 | Gauntlet | Found a transporter.
 12992 | Gauntlet | Found a transporter.
 12996 | Gauntlet | Found a transporter.
 13003 | Gauntlet | Found a transporter.
 13010 | Gauntlet | Found a transporter.
 13072 | Gauntlet | Found a runed translucent door.
 13081 | Gauntlet | Found a transporter.
 13098 | Gauntlet | Found a runed translucent door.
 13101 | Gauntlet | Found a transporter.
 13125 | Gauntlet | Found a runed translucent door.
 13233 | Gauntlet | Found a transporter.
 13265 | Gauntlet | Identified the +1 leather armour of Viril {Harm rF+ Int-5
                  | Dex+3}
 13267 | Gauntlet | Identified the ring "Lialog" {Slay+3 SInv}
 13311 | Gauntlet | Noticed a minotaur
 13326 | Gauntlet | Killed a minotaur
 13327 | Gauntlet | Reached skill level 5 in Armour
 13327 | Gauntlet | Reached skill level 1 in Invocations
 13337 | Gauntlet | Identified the +1 pair of boots of Perpetual Drought {rC++
                  | rN+ Regen+}
 13359 | Gauntlet | Got a clothbound book
 13614 | D:13     | Noticed a centaur warrior
 13619 | D:13     | Killed a centaur warrior
 14006 | D:14     | Noticed Jorgrun
 14032 | D:13     | Killed Jorgrun
 14033 | D:13     | Reached skill level 5 in Invocations
 14341 | D:14     | Noticed Rupert
 14354 | D:14     | Killed Rupert
 14504 | D:14     | Reached **** piety under Hepliaklqana
 14540 | D:14     | Reached XP level 14. HP: 84/84 MP: 19/19
 14928 | D:14     | Found Rukkarusm's Armour Emporium.
 15407 | D:2      | Bought a book of the Hunter for 432 gold pieces
 15412 | D:2      | Learned a level 4 spell: Dimensional Bullseye
 15618 | Lair:1   | Entered Level 1 of the Lair of Beasts
 15645 | Lair:1   | Reached skill level 1 in Spellcasting
 15645 | Lair:1   | Reached skill level 1 in Hexes
 15645 | Lair:1   | Reached skill level 1 in Translocations
 16346 | Lair:1   | Reached ***** piety under Hepliaklqana
 17186 | Lair:2   | Noticed an eleionoma
 17194 | Lair:2   | Killed an eleionoma
 17249 | Lair:2   | HP: 1/84 [elephant (13)]
 17631 | Lair:2   | Found a staircase to the Swamp.
 18201 | Lair:3   | Found a hole to the Spider Nest.
 18299 | Lair:3   | Got a foxed book
 18303 | Lair:3   | Found a sacrificial altar of Ru.
 19036 | Lair:4   | Identified the +0 ring mail "Oluijosi" {Int-3 Slay+2 SInv}
 19044 | Lair:4   | Reached skill level 5 in Spellcasting
 19306 | Lair:4   | Reached skill level 5 in Hexes
 19484 | Lair:4   | Found a viscous altar of Jiyva.
 19484 | Lair:4   | Found a staircase to the Slime Pits.
 19543 | Lair:4   | Reached skill level 5 in Translocations
 19598 | Lair:4   | Reached ****** piety under Hepliaklqana
 19977 | Lair:5   | Entered Level 5 of the Lair of Beasts
 20292 | Lair:5   | Reached XP level 15. HP: 88/88 MP: 15/23
 22208 | Orc:1    | Entered Level 1 of the Orcish Mines
 22437 | Orc:1    | You fall into a shaft and drop 1 floor!
 22437 | Orc:2    | Entered Level 2 of the Orcish Mines
 22634 | Orc:2    | Reached XP level 16. HP: 93/93 MP: 19/28
 22723 | Orc:2    | Noticed Blork the orc
 22727 | Orc:2    | Killed Blork the orc
 22729 | Orc:2    | Reached skill level 10 in Dodging
 22973 | Orc:2    | Found a staircase to the Elven Halls.
 22983 | Orc:2    | Found Dutyplod's Weapon Emporium.
 23142 | Orc:2    | Found Tuotwym's General Store.
 23147 | Orc:2    | Bought a scroll of identify for 22 gold pieces
 23164 | Orc:2    | Found Jubb's Antique Weapon Shoppe.
 23169 | Orc:2    | Bought a runed shortbow for 162 gold pieces
 23189 | Orc:2    | Found Hoarr's Jewellery Shoppe.
 23291 | Orc:2    | Found Dyoteh's Antique Armour Shoppe.
 23296 | Orc:2    | Bought an embroidered scarf for 240 gold pieces
 23605 | D:15     | Entered Level 15 of the Dungeon
 24634 | D:15     | Found a staircase to the Depths.
 24788 | D:15     | Identified the staff of the Special Youths {Contam Fly rF+
                  | rCorr Tmut Fire}
 24930 | D:15     | Found a hazy altar of Hepliaklqana.
 25105 | Orc:2    | Bought a ring of poison resistance for 320 gold pieces
 25206 | Swamp:1  | Entered Level 1 of the Swamp
 25811 | Swamp:1  | Reached skill level 10 in Evocations
 26420 | Swamp:2  | Reached XP level 17. HP: 66/97 MP: 23/29
 26468 | Swamp:2  | Learned a level 3 spell: Sigil of Binding
 27138 | Swamp:3  | Noticed Kirke
 27145 | Swamp:3  | Killed Kirke
 27145 | Swamp:3  | Noticed a tentacled monstrosity
 27152 | Swamp:3  | Killed a tentacled monstrosity
 27257 | Swamp:3  | Noticed Roxanne
 27286 | Swamp:3  | Killed Roxanne
 27493 | Swamp:4  | Entered Level 4 of the Swamp
 27559 | Swamp:4  | Noticed Mara
 27573 | Swamp:4  | Noticed Newt's illusion
 27582 | Swamp:4  | Killed Mara
 27727 | Swamp:4  | Learned a level 4 spell: Cause Fear
 28023 | Swamp:4  | Noticed Nikola
 28024 | Swamp:4  | Noticed a thorn hunter
 28113 | Swamp:4  | Killed from afar by Nikola

Illustrated notes

Levels and vault maps discovered:
D:1:      heliophobic_arrival_battle_scene, layout_rooms,
          minmay_misc_feat_more_columns, chequers_mini_garden, minmay_cupped
D:2:      layout_basic, basic_altar, serial_aquarium,
          aquarium_bridge_island_small [aquarium_subvault_small_open,
          aquarium_subvault_balcony, aquarium_subvault_bridge,
          aquarium_subvault_bridge, aquarium_subvault_wall],
          aquarium_window_fake, aquarium_window_corner, aquarium_view_2e,
          aquarium_view_2c, aquarium_pool_split, serial_shops,
          nicolae_shop_peninsula, nicolae_ecumenical_oubliette
D:3:      wad_river_or_something, layout_loops_corners,
          chequers_serial_rivers_room_b, uniq_crazy_yiuf_cottage, uniq_ijyb,
          uniq_jessica, uniq_pargi
D:4:      layout_basic, grunt_temple_overflow_lords_of_destruction,
          serial_rivers, chequers_serial_rivers_micro_c,
          chequers_serial_rivers_micro_e, chequers_serial_rivers_small_3,
          chequers_serial_rivers_micro_d, chequers_serial_rivers_small_3,
          chequers_serial_rivers_small_3, serial_park_tiny_1,
          minmay_a_box_with_orc_wizards_in_it, uniq_eustachio
D:5:      layout_loops_cross, tso_altar, nemelex_diamond_rough_becter,
          lexackson_kobold_supper
D:6:      layout_rooms, lightli_sewer_entry_pipes, serial_shops, shop,
          uniq_pikel
D:7:      layout_cave_pools, lemuel_blue_sif_altar,
          minmay_temple_entry_large_hall, serial_shops, kennysheep_mini_moat,
          biasface_ghost_orc_armoury, minmay_misc_feat_secret_circle,
          minmay_nine_imps, uniq_jeremiah
D:8:      layout_basic
D:9:      layout_basic, nicolae_overflow_hallway_of_the_gods,
          nicolae_dithmenos_through_a_glass_darkly, serial_shops, shop
D:10:     layout_cave_pools, minmay_bent
D:11:     layout_basic, grunt_lair_entry_orc_guard_hut, zombieorc1_lemuel,
          serial_shops, nicolae_shop_hallway_stairs,
          hangedman_abyss_or_decor_stabs, dreamdust_princess_bridge
D:12:     layout_basic, uniq_josephine
D:13:     minmay_goldmine, layout_rooms, david_vaults_1, gauntlet_entry_generic
D:14:     layout_gridville, kennysheep_big_empty_room, serial_shops, shop,
          uniq_jorgrun, uniq_rupert
D:15:     grunt_enter_depths_hoard, layout_irregular_city,
          nzn_hepliaklqana_mist_gate, minmay_pinched_square
Temple:   hellmonk_temple_divided_pantheon
Lair:1:   layout_layer_cave, grunt_megastairs_4, infiniplex_staircase_pool_2
Lair:2:   layout_cave_shapes, alex1729_swamp_entry_worm_eleionoma
Lair:3:   layout_misc_corridors, spider_nest_entry_rubble, basic_altar,
          lemuel_fruit_fields, serial_bayou_shore_b
Lair:4:   layout_cave_pods, dpeg_slime_entry_corner, serial_bayou_shore_b,
          grunt_megastairs_2
Lair:5:   guppyfry_lair_end_dragon, layout_hall_layers,
          hangedman_lair_tendril_chambers
Swamp:1:  layout_falls_marsh, serial_swamp_ruin, evilmike_swamp_ruin_house_4,
          evilmike_swamp_ruin_house_1, evilmike_swamp_ruin_rubble_2
Swamp:2:  layout_falls_marsh, evilmike_swamp_ruin_house_3
Swamp:3:  layout_basic_swamp, evilmike_swamp_ruin_rubble_1, uniq_kirke,
          uniq_roxanne
Swamp:4:  swamp_basic_johnstein, layout_basic_swamp, swamp_pool5,
          roderic_carrion_pond, uniq_mara, uniq_nikola, uniq_mlioglotl
Orc:1:    layout_caves, uniq_erica
Orc:2:    grunt_orc_cross, layout_caves, serial_shops,
          nicolae_shop_just_a_little_nook

Skill      XL: |  1  2  3  4  5  6  7  8  9 10 11 12 13 14 15 16 17 |
---------------+----------------------------------------------------+-----
Fighting       | 3 4 5 8 9 13 | 13.0
Ranged Weapons | 7 8 10 13 15 19 | 19.7
Dodging        | 5 9 14 | 14.0
Evocations     | 6 8 11 14 | 14.0
Armour         | 5 |  5.0
Invocations    | 7 9 |  9.0
Spellcasting   | 5 8 |  8.5
Hexes          | 5 8 |  8.3
Translocations | 5 8 |  8.3
Stealth        | |  1.3

Action                     |  1- 3 |  4- 6 |  7- 9 | 10-12 | 13-15 | 16-18 || total
---------------------------+-------+-------+-------+-------+-------+-------++-------
  Melee: Shortbow          |       |       |     1 |       |       |       ||     1
   Fire: Shortbow          |    65 |   152 |   497 |   778 |   937 |   702 ||  3131
   Cast: Dimensional Bulls |       |       |       |       |     3 |    16 ||    19
         Cause Fear        |       |       |       |       |       |     1 ||     1
 Invoke: Ancestor Life: Kn |       |       |       |     1 |       |       ||     1
         Transference      |       |       |       |       |     1 |       ||     1
         Recall Ancestor   |       |       |       |       |     2 |       ||     2
  Evoke: Wand              |       |       |       |     3 |     5 |     2 ||    10
         Phial of floods   |       |       |       |       |     1 |     2 ||     3
         Condenser vane    |       |       |       |       |     1 |     1 ||     2
    Use: Scroll            |     4 |     4 |     6 |    11 |     7 |     7 ||    39
         Potion            |       |     1 |       |     4 |     6 |     4 ||    15
 Armour: Leather armour    |     5 |    17 |       |       |   109 |   113 ||   244
         Troll leather arm |       |     1 |   147 |    75 |    13 |       ||   236
  Dodge: Dodged            |    21 |    66 |   330 |   309 |   332 |   167 ||  1225
  Block: Other             |     2 |    16 |   101 |    70 |    85 |    38 ||   312
         Reflection        |       |       |     4 |     6 |     2 |     2 ||    14

Table legend: (Time is in decaauts)
 A = Elapsed time spent in this place.
 B = Non-inter-level travel time spent in this place.
 C = Inter-level travel time spent in this place.
 D = Time resting spent in this place.
 E = Time spent auto-exploring this place.
 F = Levels seen in this place.
 G = Mean time per level.
                   A        B        C        D        E       F      G
               +--------+--------+--------+--------+--------+-----+--------+
         Total |  27830 |  25996 |   1834 |   3139 |  18678 |  28 |  993.9 |
       Dungeon |  16574 |  15206 |   1368 |   1558 |  11113 |  15 | 1104.9 |
        Temple |     36 |     28 |      8 |      0 |      0 |   1 |   36.0 |
          Lair |   6469 |   6213 |    256 |    802 |   4662 |   5 | 1293.8 |
         Swamp |   2979 |   2889 |     90 |    578 |   1795 |   4 |  744.8 |
  Orcish Mines |   1309 |   1200 |    109 |    200 |    822 |   2 |  654.5 |
      Gauntlet |    460 |    460 |      0 |      0 |    285 |   1 |  460.0 |
               +--------+--------+--------+--------+--------+-----+--------+

Top non-repeatable levels by time:
  Lair:5: 2071 daAuts
     D:4: 1756 daAuts
     D:3: 1610 daAuts
  Lair:1: 1463 daAuts
    D:15: 1339 daAuts
     D:9: 1201 daAuts
  Lair:4: 1177 daAuts
    D:11: 1152 daAuts
 Swamp:1: 1118 daAuts
    D:12: 1112 daAuts
    D:13: 1090 daAuts
     D:2: 1086 daAuts
   Orc:2: 1080 daAuts
  Lair:2: 1072 daAuts
     D:8: 1018 daAuts
